 Dungeon Crawl Stone Soup version 0.26.1-11-gd32895ea62 (webtiles) character file.

Game seed: 9988988373175898010

388 Gypsy the Digger (level 6, -6/45 HPs)
             Began as a Ghoul Earth Elementalist on Apr 28, 2021.
             Shot with an arrow by a centaur (9 damage)
             ... on level 5 of the Dungeon on Apr 30, 2021.
             The game lasted 00:43:28 (4955 turns).

Gypsy the Digger (Ghoul Earth Elementalist)         Turns: 4955, Time: 00:43:28

Health: -6/45      AC: 10    Str: 12    XL:     6   Next: 79%
Magic:  3/10       EV: 11    Int: 12    God:
Gold:   248        SH:  0    Dex:  9    Spells: 2/12 levels left

rFire    x . .     SeeInvis .     - Unarmed
rCold    + + .     Faith    .   (no shield)
rNeg     + + +     Spirit   .   f - +3 leather armour
rPois    ∞         Reflect  .   (no helmet)
rElec    .         Harm     .   (no cloak)
rCorr    .         Rampage  .   (no gloves)
Will     .....                  (no boots)
Stlth    +.........             (no amulet)
HPRegen  0.00/turn              i - +4 ring of protection
MPRegen  0.12/turn              m - ring of ice

@: brilliant
A: claws 1, cold resistance 1, negative energy resistance 3, inhibited
regeneration, torment resistance, unbreathing
a: no special abilities


You were on level 5 of the Dungeon.
You visited 1 branch of the dungeon, and saw 5 of its levels.

You collected 248 gold pieces.

Inventory:

Hand Weapons
 a - a +0 mace of protection
 l - a +0 morningstar
Missiles
 b - 57 stones
 o - 5 boomerangs (quivered)
Armour
 c - a +0 ring mail
 f - a +3 leather armour (worn)
Jewellery
 i - a +4 ring of protection (left claw)
 m - a ring of ice (right claw)
Wands
 g - a wand of digging (1)
Scrolls
 e - 2 scrolls of remove curse
 h - a scroll of noise {unknown}
 k - a scroll of enchant weapon {unknown}
Potions
 d - a potion of heal wounds {unknown}
 j - a potion of brilliance


   Skills:
 - Level 1.7 Dodging
 - Level 2.1 Stealth
 * Level 1.0 Unarmed Combat
 + Level 3.8 Spellcasting
 + Level 2.7 Transmutations
 + Level 5.5 Earth Magic


You had 2 spell levels left.
You knew the following spells:

 Your Spells              Type           Power        Failure   Level
a - Sandblast             Erth           46%          3%          1
b - Passwall              Tmut/Erth      15%          8%          2
c - Stone Arrow           Conj/Erth      26%          26%         3
d - Petrify               Tmut/Erth      18%          45%         4

Your spell library contained the following spells:

 Spells                   Type           Power        Failure   Level
 Lee's Rapid Deconstruct  Erth           11%          63%         5


Dungeon Overview and Level Annotations

Branches:
Dungeon (4/15)
 Temple: D:4-7

Altars:
Dithmenos
Trog
The Shining One

Annotations:
D:5 Dowan, Duvessa


Innate Abilities, Weirdness & Mutations

You thrive by killing the living.
You are immune to poison.
You have sharp fingernails.
Your flesh is cold resistant. (rC+)
You are immune to negative energy. (rN+++)
You do not regenerate when monsters are visible.
You are immune to unholy pain and torment.
You can survive without breathing.


Message History

Aim: Duvessa, wielding a +0 short sword and wearing a +0 chain mail (moderately wounded, fast, petrifying slowly, 0% to evade)
You feel a surge of power!
The stone arrow hits Duvessa but does no damage.
Duvessa is moderately wounded.
Duvessa says, "My weaknesses are his strengths!"
Duvessa hits you but does no damage.
Dowan says, "My weaknesses are her strengths!"
Duvessa hits you with a +0 short sword.
* * * LOW HITPOINT WARNING * * *
Aiming: Dig
Press: ? - help, Shift-Dir - straight line, p - Duvessa A rock wall.
The rock shatters into small pieces.
You hear a shout!
A centaur comes into view.
Duvessa hits you with a +0 short sword.
* * * LOW HITPOINT WARNING * * *
The centaur wields a +0 shortbow.
The centaur shoots an arrow.
The arrow hits you!
You die...

#.#..# ## .#...
#.# .... .. # #
... .. )# .##.#..
.# ..# .......
###.#...#.
#......##.#.......
#....@e5.....#
##_#.##e........
#8...8 #.........
#..... #.........
#_..... #.......#.
##.../. #.......#
#.8...8 #.......#
c#..... #.#.###.#


You could see Duvessa (fast, petrifying), Dowan, a centaur and an ufetubus.

Vanquished Creatures
  2 orc wizards
  3 orc priests (D:4)
  A centaur skeleton (D:4)
  A worker ant (D:4)
  Ijyb (D:4)
  8 adders
  An ooze (D:4)
  A worm (D:3)
  3 dart slugs
  10 orcs
  3 ball pythons
  5 goblins
  9 hobgoblins
  A quokka (D:4)
  10 bats
  6 frilled lizards
  3 kobolds
  A leopard gecko skeleton (D:4)
  6 rats
75 creatures vanquished.

Vanquished Creatures (others)
  An orc wizard (D:4)
1 creature vanquished.

Grand Total: 76 creatures vanquished

Notes
Turn   | Place    | Note
-------+----------+-------------------------------------------
     0 | D:1      | Gypsy the Ghoul Earth Elementalist began the quest for the
                  | Orb.
     0 | D:1      | Reached XP level 1. HP: 14/14 MP: 2/2
   452 | D:1      | Reached XP level 2. HP: 20/20 MP: 2/4
   988 | D:1      | Learned a level 2 spell: Passwall
  1028 | D:2      | Reached skill level 4 in Earth Magic
  1028 | D:2      | Reached XP level 3. HP: 14/26 MP: 5/5
  2096 | D:2      | Reached XP level 4. HP: 33/33 MP: 7/7
  2100 | D:2      | Learned a level 3 spell: Stone Arrow
  2983 | D:3      | Reached skill level 1 in Transmutations
  3389 | D:3      | Reached XP level 5. HP: 28/38 MP: 0/8
  3465 | D:3      | Learned a level 4 spell: Petrify
  3561 | D:3      | Found a shadowy altar of Dithmenos.
  3944 | D:4      | Reached skill level 5 in Earth Magic
  4347 | D:4      | Reached XP level 6. HP: 43/45 MP: 8/10
  4712 | D:4      | Noticed Ijyb
  4837 | D:4      | Killed Ijyb
  4838 | D:4      | Reached skill level 1 in Unarmed Combat
  4923 | D:4      | You fall into a shaft and drop 1 floor!
  4923 | D:5      | Entered Level 5 of the Dungeon
  4924 | D:5      | Noticed Duvessa
  4924 | D:5      | Noticed Dowan
  4947 | D:5      | Found a glowing golden altar of the Shining One.
  4950 | D:5      | Found a bloodstained altar of Trog.
  4955 | D:5      | Shot with an arrow by a centaur

Illustrated notes

Levels and vault maps discovered:
D:1:      minmay_arrival_stone_box, layout_loops_ring
D:2:      layout_loops_corners
D:3:      layout_loops_ring, nicolae_dithmenos_through_a_glass_darkly
D:4:      layout_loops_cross, uniq_ijyb
D:5:      layout_cave_pools, nicolae_overflow_hidden_temple, uniq_duvessa,
          uniq_crazy_yiuf_cottage, uniq_edmund

Skill      XL: |  1  2  3  4  5  6 |
---------------+-------------------+-----
Spellcasting   | 2 3 |  3.8
Earth Magic    | 4 5 |  5.5
Transmutations | 1 2 |  2.7
Unarmed Combat | 1 |  1.0
Dodging        | |  1.7
Stealth        | |  2.1

Action                   |  1- 3 |  4- 6 || total
-------------------------+-------+-------++-------
Melee: Unarmed           |   101 |   246 ||   347
       Morningstar       |       |    18 ||    18
Throw: Boomerang         |       |     2 ||     2
 Cast: Sandblast         |    19 |    64 ||    83
       Stone Arrow       |       |     2 ||     2
       Passwall          |       |     1 ||     1
       Petrify           |       |     1 ||     1
Evoke: Wand              |       |     9 ||     9
  Use: Scroll            |     3 |     8 ||    11
       Potion            |       |     2 ||     2
 Stab: Sleeping          |       |     2 ||     2
       Paralysed         |       |    36 ||    36
Armor: Robe              |    18 |       ||    18
       Leather armour    |    23 |   124 ||   147
Dodge: Dodged            |    81 |   150 ||   231
